 Dungeon Crawl Stone Soup version 0.26-a0-812-g31a745ddcd (webtiles) character file.

Game seed: 8991973837161406166

11 Lanoc the Sneak (level 2, -3/20 HPs)
             Began as a Formicid Enchanter on Nov 21, 2020.
             Slain by an orc
             ... wielding a +2 mace of protection
              (8 damage)
             ... on level 3 of the Dungeon.
             The game lasted 00:01:13 (835 turns).

Lanoc the Sneak (Formicid Enchanter)                 Turns: 835, Time: 00:01:14

Health: -3/20      AC:  2    Str: 12    XL:     2   Next: 35%
Magic:  5/5        EV: 12    Int: 14    God:
Gold:   32         SH:  0    Dex: 11    Spells: 4/5 levels left

rFire    . . .     SeeInvis +   a - +1 dagger
rCold    . . .     Faith    .   (no shield)
rNeg     . . .     Spirit   .   b - +0 robe
rPois    .         Reflect  .   (helmet unavailable)
rElec    .         Harm     .   (no cloak)
rCorr    .         Rampage  .   (no gloves)
MR       .....                  (no boots)
Stlth    ++........             (no amulet)
HPRegen  0.06/turn              (no ring)
MPRegen  0.09/turn              (no ring)

@: no status effects
A: permanent stasis, dig shafts and tunnels, four strong arms, antennae 3
a: Dig, Shaft Self


You were on level 3 of the Dungeon.
You visited 1 branch of the dungeon, and saw 3 of its levels.

You collected 32 gold pieces.

Inventory:

Hand Weapons
 a - a +1 dagger (weapon)
Armour
 b - a +0 robe (worn)
Potions
 c - a potion of curing {unknown}


   Skills:
 + Level 0.6 Fighting
 - Level 1.0 Short Blades
 + Level 2.0 Dodging
 * Level 4.0 Stealth
 - Level 2.1 Spellcasting
 + Level 3.8 Hexes


You had 4 spell levels left.
You knew the following spells:

 Your Spells              Type           Power        Failure   Level
a - Corona                Hex            ##.....      4%          1

Your spell library contained the following spells:

 Spells                   Type           Power        Failure   Level
 Confusing Touch          Hex            ##......     14%         3
 Tukima's Dance           Hex            ##......     14%         3
 Ensorcelled Hibernation  Hex/Ice        #.....       16%         2
 Dazzling Flash           Conj/Hex       #.....       32%         3


Dungeon Overview and Level Annotations

Branches:
Dungeon (3/15)

Altars:

Annotations:
D:3 1 runed translucent door, mkm's ghost, amateur MiBe


Innate Abilities, Weirdness & Mutations

You cannot be hasted, slowed, berserked, paralysed or teleported.
You can dig through walls and to a lower floor.
Your four strong arms can wield two-handed weapons with a shield.
You have a pair of large antennae on your head. (SInv)


Message History

The orc hits you with a +2 mace of protection.
You are too injured to fight recklessly!
You hit the orc but do no damage. The orc barely misses you.
You hit the orc.
The orc is moderately wounded.
An orc comes into view.
You closely miss the orc.
The orc is moderately wounded.
The orc closely misses you.
You closely miss the orc.
The orc is moderately wounded.
The orc hits you with a +2 mace of protection.
* * * LOW HITPOINT WARNING * * *
There is an open door here.
There is an open door here.
You see here a dagger.
The orc hits you with a +2 mace of protection.
* * * LOW HITPOINT WARNING * * *
The orc hits you with a +2 mace of protection!
You die...

######### #...o...#
#.#####.# ### #.#
#.# ##.#####o###
#.# ##.#........#
#o# ###.###.###.#.#
#.# ...##
##.##.#.###o#
#...###.###.....@.#
##...#.## ###.#####
##o#.## #.# #.###
####.##### #.#
#.<.)....# ##'##
#......#.# ##...##
#.##.#.#.# #.>..o##
#.##.#.#.#
.......###.##.#.#.#


You could see 2 orcs.

Vanquished Creatures
  A dart slug (D:2)
  A leopard gecko (D:3)
  2 bats (D:2)
  A goblin (D:3)
  A hobgoblin (D:3)
  A rat (D:3)
7 creatures vanquished.

Notes
Turn   | Place    | Note
-------+----------+-------------------------------------------
     0 | D:1      | Lanoc the Formicid Enchanter began the quest for the Orb.
     0 | D:1      | Reached XP level 1. HP: 13/13 MP: 3/3
   332 | D:3      | Reached skill level 4 in Stealth
   332 | D:3      | Reached XP level 2. HP: 4/20 MP: 5/5
   695 | D:3      | Found a runed translucent door.
   695 | D:3      | Noticed mkm's ghost (amateur MiBe)
   835 | D:3      | Slain by an orc

Illustrated notes

Levels and vault maps discovered:
D:1:      dpeg_arrival_tiny_h, layout_rooms, minivault_11, minmay_pentomino_o2
D:2:      minmay_chambers_of_ones, layout_rooms, fiery_altar_vehumet,
          marbit_many_paths, nrook_uturn
D:3:      layout_loops_corners, ebering_ghost_inner_flame,
          uniq_crazy_yiuf_cottage

Skill      XL: |  1  2 |
---------------+-------+-----
Stealth        | 4 |  4.0
Dodging        | 2 |  2.0
Fighting       | |  0.6
Short Blades   | |  1.0
Spellcasting   | |  2.1
Hexes          | |  3.8

Action                   || total
-------------------------++-------
Melee: Dagger            ||    30
 Stab: Sleeping          ||     3
Armor: Robe              ||     4
Dodge: Dodged            ||    12

Table legend: (Time is in decaauts)
 A = Elapsed time spent in this place.
 B = Non-inter-level travel time spent in this place.
 C = Inter-level travel time spent in this place.
 D = Time resting spent in this place.
 E = Time spent auto-exploring this place.
 F = Levels seen in this place.
 G = Mean time per level.
                   A        B        C        D        E       F      G
               +--------+--------+--------+--------+--------+-----+--------+
         Total |    833 |    822 |     11 |      0 |    670 |   3 |  277.7 |
       Dungeon |    833 |    822 |     11 |      0 |    670 |   3 |  277.7 |
               +--------+--------+--------+--------+--------+-----+--------+

Top non-repeatable levels by time:
     D:3: 533 daAuts
     D:2: 277 daAuts
     D:1: 23 daAuts
